 Dungeon Crawl Stone Soup version 0.29-a0-43-g62a80824bf (webtiles) character file.

Game seed: 11658616340560276817

2256 Woods the Insei (level 9, -11/68 HPs)
             Began as a Gnoll Transmuter on Feb 3, 2022.
             Was a Believer of Cheibriados.
             Shot with a sling bullet by Joseph (17 damage)
             ... on level 7 of the Dungeon.
             The game lasted 00:15:55 (10174 turns).

Woods the Insei (Gnoll Transmuter)                 Turns: 10174, Time: 00:15:55

Health: -11/68     AC:  2    Str: 14    XL:     9   Next: 37%
Magic:  17/18      EV: 40    Int: 28    God:    Cheibriados [**....]
Gold:   426        SH:  0    Dex: 23    Spells: 11/21 levels left

rFire   . . .      SeeInvis .     - Unarmed
rCold   . . .      Faith    .   (shield currently unavailable)
rNeg    . . .      Spirit   .   (armour currently unavailable)
rPois   x          Reflect  .   (helmet currently unavailable)
rElec   .          Harm     .   (cloak currently unavailable)
rCorr   .          Rampage  .   (gloves currently unavailable)
Will    .....                   (boots currently unavailable)
Stlth   +++.......              i - amulet of the acrobat
HPRegen 0.21/turn               p - +6 ring of intelligence
MPRegen 0.16/turn               c - ring of flight

@: spider-form, acrobatic, flying, very slow
A: venomous fangs, tiny, (fangs 1), strong nose, distributed training
a: End Transformation, Renounce Religion, Bend Time


You were on level 7 of the Dungeon.
You worshipped Cheibriados.
Cheibriados was pleased with you.
You were a venomous arachnid creature.
You visited 2 branches of the dungeon, and saw 8 of its levels.

You collected 426 gold pieces.

Inventory:

Missiles
 r - 3 throwing nets
Armour
 a - a +0 robe (melded)
 w - a +1 pair of boots (melded)
Jewellery
 c - a ring of flight (right front leg)
 i - an amulet of the acrobat (around neck)
 p - a +6 ring of intelligence (left front leg)
 y - a +6 ring of strength
Wands
 l - a wand of iceblast (10)
Scrolls
 e - 3 scrolls of identify (quivered)
 h - a scroll of enchant weapon {unknown}
 m - 2 scrolls of enchant armour
 o - a scroll of vulnerability {unknown}
 s - 2 scrolls of teleportation
 t - a scroll of immolation {unknown}
 u - a scroll of silence {unknown}
 v - a scroll of magic mapping {unknown}
 x - a scroll of torment {unknown}
Potions
 b - 2 potions of attraction {unknown}
 d - 3 potions of might
 f - a potion of haste {unknown}
 g - 2 potions of ambrosia {unknown}
 j - 2 potions of degeneration {unknown}
 k - a potion of mutation {unknown}
 n - a potion of heal wounds {unknown}
 q - a potion of lignification {unknown}


   Skills:
 + Level 5.0 Fighting
 + Level 4.2 Short Blades
 + Level 4.2 Long Blades
 + Level 4.2 Axes
 + Level 4.2 Maces & Flails
 + Level 4.2 Polearms
 + Level 4.2 Staves
 + Level 4.2 Slings
 + Level 4.2 Bows
 + Level 4.2 Crossbows
 + Level 4.2 Throwing
 + Level 4.2 Armour
 + Level 6.3 Dodging
 + Level 4.2 Stealth
 + Level 4.2 Shields
 + Level 7.8 Unarmed Combat
 + Level 6.6 Spellcasting
 + Level 3.4 Conjurations
 + Level 3.4 Hexes
 + Level 3.4 Summonings
 + Level 3.4 Necromancy
 + Level 3.4 Translocations
 + Level 5.2 Transmutations
 + Level 3.4 Fire Magic
 + Level 3.4 Ice Magic
 + Level 3.4 Air Magic
 + Level 3.4 Earth Magic
 + Level 3.4 Poison Magic
 + Level 4.6 Invocations
 + Level 4.2 Evocations


You had 11 spell levels left.
You knew the following spells:

 Your Spells              Type           Power      Damage    Failure   Level
a - Beastly Appendage     Tmut           76%        N/A       4%          1
b - Wereblood             Tmut           38%        N/A       5%          2
c - Spider Form           Tmut/Pois      33%        N/A       11%         3
d - Ice Form              Ice/Tmut       33%        N/A       24%         4

Your spell library contained the following spells:

 Spells                   Type           Power      Damage    Failure   Level
 Summon Small Mammal      Summ           100%       N/A       6%          1
 Passwall                 Tmut/Erth      27%        N/A       7%          2
 Corpse Rot               Necr/Air       56%        N/A       8%          2
 Ensorcelled Hibernation  Hex/Ice        56%        N/A       8%          2
 Poisonous Vapours        Pois/Air       56%        N/A       8%          2
 Call Canine Familiar     Summ           28%        N/A       13%         3
 Gell's Gravitas          Tloc           28%        N/A       13%         3
 Summon Guardian Golem    Hex/Summ       28%        N/A       13%         3
 Swiftness                Air            28%        N/A       13%         3
 Teleport Other           Tloc           28%        N/A       13%         3
 Dispersal                Tloc           14%        N/A       98%         6


Dungeon Overview and Level Annotations

Branches:
Dungeon (7/15)             Temple (1/1) D:4

Altars:
Ashenzari
Cheibriados
Dithmenos
Fedhas
Gozag
Hepliaklqana
Makhleb
Nemelex Xobeh
Okawaru
Qazlal
Ru
Sif Muna
Trog
Uskayaw
Vehumet
Wu Jian
Yredelemnul
Zin
The Shining One

Shops:
D:5 *

Annotations:
D:7 Joseph


Innate Abilities, Weirdness & Mutations

You are a venomous arachnid creature.
You have poisonous fangs.
You are tiny and dextrous.
Your spellcasting is less reliable in this form.
Your armour is entirely melded.
You are incapable of wielding weapons or throwing items.
((You have very sharp teeth.))
Your uncanny sense of smell can sniff out nearby items.
Your experience applies equally to all skills.


Message History

Your +0 robe melds into your body.
Joseph shouts!
Joseph says, "I'm here to kill trespassers.
I like my job."
Joseph smiles happily.
Joseph unwields a +0 quarterstaff.
Joseph wields a +0 hunting sling.
Joseph shoots a sling bullet.
The sling bullet hits you!
Joseph shoots a sling bullet.
The sling bullet completely misses you.
Joseph shoots a sling bullet.
The sling bullet completely misses you.
Joseph shoots a sling bullet.
The sling bullet misses you.
Joseph zaps a wand.
The puff of flame misses you.
Joseph unwields a +0 hunting sling.
Joseph wields a +0 quarterstaff.
Joseph completely misses you.
You hit Joseph.
Joseph is poisoned.
Joseph is lightly wounded.
Joseph hits you with a +0 quarterstaff!
You hit Joseph.
Joseph looks as sick as possible!
Joseph is lightly wounded.
Joseph zaps a wand.
The puff of flame hits you!
You barely miss Joseph.
Joseph is lightly wounded.
Joseph says, "I'm happy to see you. And I'll be happy to kill you."
Joseph completely misses you.
You bite Joseph!
Joseph looks as sick as possible!
Joseph is moderately wounded.
Joseph completely misses you.
You barely miss Joseph.
Joseph is moderately wounded.
You hit Joseph but do no damage.
Joseph looks as sick as possible!
Joseph is heavily wounded.
Joseph hits you with a +0 quarterstaff!!
* * * LOW HITPOINT WARNING * * *
You hit Joseph.
Joseph looks as sick as possible!
Joseph is heavily wounded.
Joseph zaps a wand.
The puff of flame hits you!
* * * LOW HITPOINT WARNING * * *
Joseph unwields a +0 quarterstaff.
Joseph wields a +0 hunting sling.
Joseph shoots a sling bullet.
The sling bullet completely misses you.
Joseph shoots a sling bullet.
The sling bullet completely misses you.
Joseph shoots a sling bullet.
The sling bullet hits you!
You die...

#.# #.####
########....#######
####.................#
........>....#.#######
.###.#..........#....#
.# #...####..#..#...#
.# ##.....#..#.##...#
## #............s...#
#...#.......###.@##
#.........###..<..#
#...#..##.......###
#......##.###.#.#
#.#.##.##.###.#.#
#.............#.#
######...........#.# ∆
.....#.###.#####.#.#


You could see Joseph (extremely poisoned).

Vanquished Creatures
  Eustachio (D:4)
  Edmund (D:4)
  A water moccasin (D:7)
  A sky beast (D:5)
  3 necrophages
  2 centaurs (D:5)
  A phantom (D:6)
  3 gnoll sergeants
  2 scorpions
  A water moccasin zombie (D:5)
  A wyvern skeleton (D:6)
  A water moccasin skeleton (D:5)
  3 hounds
  A centaur skeleton (D:4)
  6 jellies
  A bullfrog skeleton (D:6)
  Ijyb (D:3)
  4 iguanas
  2 orc wizards (D:6)
  Natasha (thrice) (D:4)
  Terence (D:3)
  2 hound zombies (D:5)
  A hound skeleton (D:4)
  A howler monkey zombie (D:7)
  10 gnolls
  5 adders
  2 white imps
  2 ufetubi (D:5)
  2 worms (D:5)
  13 orcs
  6 endoplasms
  A giant cockroach (D:2)
  6 goblins
  3 hobgoblins
  2 kobolds
  A quokka (D:4)
  2 ball pythons
  3 bats (D:1)
  4 frilled lizards
  7 rats
113 creatures vanquished.

Notes
Turn   | Place    | Note
-------+----------+-------------------------------------------
     0 | D:1      | Woods the Gnoll Transmuter began the quest for the Orb.
     0 | D:1      | Reached XP level 1. HP: 17/17 MP: 6/6
   599 | D:1      | Reached XP level 2. HP: 20/23 MP: 7/7
  1666 | D:2      | Found a faded altar of an unknown god.
  1706 | D:2      | Reached XP level 3. HP: 27/28 MP: 9/9
  1846 | D:2      | Reached skill level 5 in Spellcasting
  2291 | D:3      | Noticed Terence
  2656 | D:2      | Learned a level 2 spell: Wereblood
  2660 | D:2      | Learned a level 3 spell: Spider Form
  2667 | D:3      | Killed Terence
  2668 | D:3      | Reached skill level 1 in Short Blades
  2668 | D:3      | Reached skill level 1 in Long Blades
  2668 | D:3      | Reached skill level 1 in Axes
  2668 | D:3      | Reached skill level 1 in Maces & Flails
  2668 | D:3      | Reached skill level 1 in Polearms
  2668 | D:3      | Reached skill level 1 in Staves
  2668 | D:3      | Reached skill level 1 in Slings
  2668 | D:3      | Reached skill level 1 in Bows
  2668 | D:3      | Reached skill level 1 in Crossbows
  2668 | D:3      | Reached skill level 1 in Throwing
  2668 | D:3      | Reached skill level 1 in Armour
  2668 | D:3      | Reached skill level 1 in Stealth
  2668 | D:3      | Reached skill level 1 in Shields
  2668 | D:3      | Reached skill level 1 in Invocations
  2668 | D:3      | Reached skill level 1 in Evocations
  2841 | D:3      | Noticed Ijyb
  2865 | D:3      | Killed Ijyb
  2866 | D:3      | Reached XP level 4. HP: 30/34 MP: 7/11
  3397 | D:4      | Noticed Eustachio
  3409 | D:4      | Killed Eustachio
  3410 | D:4      | Reached skill level 1 in Conjurations
  3410 | D:4      | Reached skill level 1 in Hexes
  3410 | D:4      | Reached skill level 1 in Summonings
  3410 | D:4      | Reached skill level 1 in Necromancy
  3410 | D:4      | Reached skill level 1 in Translocations
  3410 | D:4      | Reached skill level 1 in Fire Magic
  3410 | D:4      | Reached skill level 1 in Ice Magic
  3410 | D:4      | Reached skill level 1 in Air Magic
  3410 | D:4      | Reached skill level 1 in Earth Magic
  3410 | D:4      | Reached skill level 1 in Poison Magic
  3410 | D:4      | Reached XP level 5. HP: 20/41 MP: 9/12
  3599 | D:4      | Found a staircase to the Ecumenical Temple.
  3614 | Temple   | Entered the Ecumenical Temple
  3772 | Temple   | Became a worshipper of Cheibriados the Contemplative
  3905 | D:4      | Reached XP level 6. HP: 41/47 MP: 13/13
  4055 | D:4      | Reached skill level 5 in Dodging
  4161 | D:4      | Noticed Edmund
  4455 | D:4      | Noticed Natasha
  4461 | D:4      | Killed Natasha
  4686 | D:4      | Killed Edmund
  4732 | D:4      | Noticed Natasha
  4738 | D:4      | Killed Natasha
  4739 | D:4      | Reached XP level 7. HP: 48/52 MP: 11/15
  4775 | D:4      | Noticed Natasha
  4785 | D:4      | Killed Natasha
  4860 | D:4      | Reached skill level 7 in Unarmed Combat
  5100 | D:5      | Entered Level 5 of the Dungeon
  5880 | D:5      | Reached * piety under Cheibriados
  5881 | D:5      | Found Wawaolu's Assorted Antiques.
  5884 | D:5      | Reached XP level 8. HP: 60/60 MP: 10/16
  7891 | D:6      | Found an opulent altar of Gozag.
  8294 | D:6      | Reached ** piety under Cheibriados
  8295 | D:6      | Reached skill level 5 in Transmutations
  8295 | D:6      | Reached XP level 9. HP: 49/66 MP: 14/18
  9077 | D:6      | Found a broken altar of Ashenzari.
  9426 | D:7      | Learned a level 4 spell: Ice Form
  9766 | D:7      | Noticed Joseph
  9768 | D:7      | Reached skill level 5 in Fighting
 10174 | D:7      | Shot with a sling bullet by Joseph

Illustrated notes

Levels and vault maps discovered:
D:1:      dpeg_arrival_boxorama, layout_basic
D:2:      layout_basic, chequers_ecumenical_altar_twisty
D:3:      layout_loops_corners, uniq_terence, uniq_ijyb
D:4:      layout_rooms, minmay_temple_entry_offerings, uniq_edmund,
          uniq_eustachio, uniq_natasha
D:5:      minmay_inner_zag, layout_basic, serial_shops, shop, minmay_crossroads
D:6:      layout_basic, mainiacjoe_overflow_tiny_flanked, ashenzari_altar_1
D:7:      layout_basic, columned_hall_lemuel, uniq_joseph
Temple:   bh_familiar_temple

Skill      XL: |  1  2  3  4  5  6  7  8  9 |
---------------+----------------------------+-----
Spellcasting   | 5 6 |  6.6
Short Blades   | 1 2 3 4 |  4.2
Long Blades    | 1 2 3 4 |  4.2
Axes           | 1 2 3 4 |  4.2
Maces & Flails | 1 2 3 4 |  4.2
Polearms       | 1 2 3 4 |  4.2
Staves         | 1 2 3 4 |  4.2
Slings         | 1 2 3 4 |  4.2
Bows           | 1 2 3 4 |  4.2
Crossbows      | 1 2 3 4 |  4.2
Throwing       | 1 2 3 4 |  4.2
Armour         | 1 2 3 4 |  4.2
Stealth        | 1 2 3 4 |  4.2
Shields        | 1 2 3 4 |  4.2
Invocations    | 1 2 3 4 |  4.6
Evocations     | 1 2 3 4 |  4.2
Fighting       | 3 4 5 |  5.0
Conjurations   | 1 2 3 |  3.4
Hexes          | 1 2 3 |  3.4
Summonings     | 1 2 3 |  3.4
Necromancy     | 1 2 3 |  3.4
Translocations | 1 2 3 |  3.4
Transmutations | 4 5 |  5.2
Fire Magic     | 1 2 3 |  3.4
Ice Magic      | 1 2 3 |  3.4
Air Magic      | 1 2 3 |  3.4
Earth Magic    | 1 2 3 |  3.4
Poison Magic   | 1 2 3 |  3.4
Dodging        | 5 6 |  6.3
Unarmed Combat | 7 |  7.8

Action                   |  1- 3 |  4- 6 |  7- 9 || total
-------------------------+-------+-------+-------++-------
Melee: Unarmed           |   103 |    53 |   256 ||   412
       Bite              |     9 |     4 |     3 ||    16
       Kick              |     4 |     3 |       ||     7
       Punch             |     1 |     1 |     2 ||     4
       Headbutt          |     2 |     1 |       ||     3
 Cast: Beastly Appendage |     3 |     1 |       ||     4
       Spider Form       |     2 |     4 |    42 ||    48
       Wereblood         |       |       |     1 ||     1
 Abil: End Transformatio |       |       |     1 ||     1
  Use: Scroll            |       |       |     5 ||     5
       Potion            |       |       |     2 ||     2
 Stab: Sleeping          |     4 |       |     6 ||    10
       Distracted        |       |       |     1 ||     1
Armor: Robe              |    13 |     4 |     5 ||    22
       Skin              |       |       |    15 ||    15
Dodge: Dodged            |    62 |    40 |   247 ||   349

Table legend: (Time is in decaauts)
 A = Elapsed time spent in this place.
 B = Non-inter-level travel time spent in this place.
 C = Inter-level travel time spent in this place.
 D = Time resting spent in this place.
 E = Time spent auto-exploring this place.
 F = Levels seen in this place.
 G = Mean time per level.
                   A        B        C        D        E       F      G
               +--------+--------+--------+--------+--------+-----+--------+
         Total |  11204 |  11026 |    178 |   3542 |   5949 |   8 | 1400.5 |
       Dungeon |  11010 |  10847 |    163 |   3542 |   5787 |   7 | 1572.9 |
        Temple |    193 |    178 |     15 |      0 |    161 |   1 |  193.0 |
               +--------+--------+--------+--------+--------+-----+--------+

Top non-repeatable levels by time:
     D:5: 2531 daAuts
     D:6: 2165 daAuts
     D:4: 1594 daAuts
     D:3: 1335 daAuts
     D:1: 1190 daAuts
     D:7: 1110 daAuts
     D:2: 1083 daAuts
  Temple: 193 daAuts
